 Dungeon Crawl Stone Soup version 0.17.1-2-g5865329 (webtiles) character file.

114 namelastname112 the Insei (level 4, -3/34 HPs)
             Began as a Draconian Wizard on Jan 11, 2016.
             Was a Follower of Trog.
             Slain by an orc
             ... wielding a +1 war axe of flaming
              (4 damage)
             ... on level 3 of the Dungeon.
             The game lasted 00:03:54 (2902 turns).

namelastname112 the Insei (Draconian Wizard)        Turns: 2902, Time: 00:03:56

Health: -3/34      AC:  5    Str:  9    XL:     4   Next: 67%
Magic:  0/8        EV: 12    Int: 18    God:    Trog [*.....]
Gold:   251        SH:  0    Dex: 11    Spells: 1 memorised, 8 levels left

rFire  . . .     SeeInvis .       - Unarmed
rCold  . . .     Clarity  .     (armour unavailable)
rNeg   . . .     SustAt   .     (no shield)
rPois  .         Gourm    .     a - +0 hat
rElec  .         Spirit   +     (no cloak)
rCorr  .         Warding  .     (no gloves)
rMut   .         Stasis   .     (no boots)
MR     .....                    n - amulet of guardian spirit
Stlth  ++........               (no ring)
                                (no ring)

@: not resistant to hostile enchantments, unstealthy
A: unfitting armour, cold-blooded, AC +5
a: Berserk, Burn Spellbooks, Renounce Religion


You were on level 3 of the Dungeon.
You worshipped Trog.
Trog was aware of your devotion.
You were very hungry.

You visited 1 branch of the dungeon, and saw 3 of its levels.

You collected 251 gold pieces.

Inventory:

Armour
 a - a +0 hat (worn)
 d - a +0 buckler
Jewellery
 n - an amulet of guardian spirit (around neck)
Scrolls
 e - a scroll of noise {unknown}
 h - a scroll of immolation {unknown}
 k - a scroll of magic mapping {unknown}
 o - a scroll of recharging {unknown}
 p - 2 scrolls of identify {unknown}
 q - a scroll of enchant armour {unknown}
Potions
 i - a potion of mutation {unknown}
 j - 2 potions of flight {unknown}
 l - 2 potions of curing
 m - a potion of poison {unknown}
 r - a potion of degeneration {unknown}
 t - a potion of brilliance {unknown}
Comestibles
 c - 5 bread rations
 f - a meat ration
 g - a slice of pizza


   Skills:
 + Level 0.7 Fighting
 + Level 1.9 Dodging
 - Level 1.7 Stealth
 - Level 4.2 Unarmed Combat
 - Level 3.0 Spellcasting
 - Level 1.0 Conjurations
   Level 1.0 Summonings
   Level 1.0 Translocations


You had 8 spell levels left.
You knew the following spells:

 Your Spells              Type           Power        Failure   Level  Hunger
z - Magic Dart            Conj           #...         12%         1    None


Dungeon Overview and Level Annotations

Branches:
Dungeon (3/15)

Altars:
Qazlal
Trog


Innate Abilities, Weirdness & Mutations

Your plain brown scales are hard (AC +5).
Your body does not fit into most forms of armour.
You are cold-blooded and may be slowed by cold attacks.


Message History

The bat hits you but does no damage.
The orc hits you with a war axe of flaming!
The orc burns you. The orc hits you but does no damage.
You hit the orc but do no damage.
The orc is severely wounded.
The bat misses you.
The orc hits you with a short sword of holy wrath.
The orc hits you with a war axe of flaming.
* * * LOW HITPOINT WARNING * * *
The orc burns you.
* * * LOW HITPOINT WARNING * * *
The orc barely misses you.
You hit the orc.
You tail-slap the orc, but do no damage.
The orc is heavily wounded.
The bat barely misses you. The orc closely misses you.
The orc hits you with a war axe of flaming!
* * * LOW HITPOINT WARNING * * *
The orc burns you.
You die...

#..................######
##♣.♣.♣.♣.♣.♣.♣.♣###
#...............#
#♣.♣.♣.♣.♣.♣.♣.♣#
..............#
♣.♣.♣.♣.♣.♣.♣#
............#
#♣.♣.♣o♣b♣.♣.♣.♣#
#.....o@........#
##.♣.♣o♣.♣.♣.♣.##
###########


You could see 3 orcs and a bat.

Vanquished Creatures
  Ijyb (D:2)
  4 adders
  A worm (D:3)
  4 giant geckos (D:2)
  3 orcs (D:3)
  3 ball pythons (D:2)
  2 bats
  2 hobgoblins
  8 kobolds
  A quokka (D:2)
  4 giant newts
  4 goblins
  8 rats
  A fungus (D:1)
46 creatures vanquished.

Notes
Turn   | Place    | Note
--------------------------------------------------------------
     0 | D:1      | namelastname112 the Draconian Wizard began the quest for the Orb.
     0 | D:1      | Reached XP level 1. HP: 14/14 MP: 4/4
   102 | D:1      | Reached skill level 1 in Unarmed Combat
   287 | D:1      | Reached XP level 2. HP: 11/20 MP: 1/6
  1270 | D:2      | Reached XP level 3. HP: 16/26 MP: 2/7
  1482 | D:2      | Noticed Ijyb
  1514 | D:2      | Killed Ijyb
  1514 | D:2      | Reached XP level 4. HP: 22/33 MP: 3/8
  2109 | D:3      | Found a faded altar to an unknown god.
  2225 | D:3      | Became a worshipper of Trog the Wrathful
  2225 | D:3      | Reached * piety under Trog
  2287 | D:3      | Reached skill level 4 in Unarmed Combat
  2343 | D:3      | Found a stormy altar of Qazlal.
  2902 | D:3      | HP: 1/34 [orc/war axe of flaming (7)]
  2902 | D:3      | Slain by an orc

Action                   |  1- 3 |  4- 6 || total
-------------------------+-------+-------++-------
Melee: Unarmed           |    96 |    78 ||   174
 Cast: Magic Dart        |    50 |     5 ||    55
Invok: Burn Spellbooks   |       |     1 ||     1
  Eat: Chunk             |     2 |     3 ||     5
